 Dungeon Crawl Stone Soup version 0.29.1-12-g30fa7ad0bf (webtiles) character file.

Game seed: 10654738320993788254

207 styxcanada the Covered (level 5, -8/47 HPs)
             Began as a Minotaur Fighter on Dec 18, 2022.
             Killed by nerve-wracking pain
             ... invoked by Grinder
              (14 damage)
             ... on level 3 of the Dungeon.
             The game lasted 00:08:46 (2755 turns).

styxcanada the Covered (Minotaur Fighter)           Turns: 2755, Time: 00:08:47

Health: -8/47      AC:  9    Str: 23    XL:     5   Next: 54%
Magic:  4/4        EV: 13    Int:  5    God:
Gold:   199        SH:  4    Dex:  9    Spells: 4/4 levels left

rFire   . . .      SeeInvis .   a - +0 war axe (freeze)
rCold   . . .      Faith    .   c - +0 buckler
rNeg    . . .      Spirit   .   b - +0 scale mail
rPois   +          Reflect  .   (helmet restricted)
rElec   .          Harm     .   (no cloak)
rCorr   .          Rampage  .   q - +1 pair of gloves
Will    .....                   (no boots)
Stlth   ..........              (no amulet)
HPRegen 0.15/turn               i - ring of poison resistance
MPRegen 0.09/turn               s - +4 ring of evasion

@: no status effects
A: horns 2, retaliatory headbutt
a: no special abilities


You were on level 3 of the Dungeon.
You visited 1 branch of the dungeon, and saw 3 of its levels.
You also visited: Sewer.

You collected 199 gold pieces.

Inventory:

Hand Weapons
 a - a +0 war axe of freezing (weapon)
 f - a +0 sling
 j - a +2 short sword of speed
Missiles
 k - 13 stones (quivered)
Armour
 b - a +0 scale mail (worn)
 c - a +0 buckler (worn)
 q - a +1 pair of gloves (worn)
Jewellery
 i - a ring of poison resistance (left hand)
 s - a +4 ring of evasion (right hand)
Scrolls
 m - 3 scrolls of immolation
 p - 3 scrolls of brand weapon
 r - 2 scrolls of butterflies
 t - 2 scrolls of identify {unknown}
 u - a scroll of fear {unknown}
 v - a scroll of blinking {unknown}
Potions
 d - a potion of might
 e - 2 potions of lignification {unknown}
 g - a potion of haste {unknown}
 h - 3 potions of curing {unknown}
 l - 2 potions of attraction {unknown}
 n - a potion of cancellation {unknown}
 o - 6 potions of flight


   Skills:
 * Level 4.7 Fighting
 + Level 4.5 Axes
 * Level 5.1 Armour
 + Level 1.2 Dodging
 + Level 4.1 Shields


You had 4 spell levels left.
You didn't know any spells.
Your spell library contained the following spells:

 Spells                   Type           Power      Damage    Failure   Level
 Necrotise                Necr           0%         1d4       86%         1
 Sandblast                Erth           0%         2d4       86%         1
 Ensorcelled Hibernation  Hex/Ice        0%         N/A       94%         2
 Passwall                 Tmut/Erth      0%         N/A       94%         2
 Stone Arrow              Conj/Erth      0%         3d7       99%         3
 Swiftness                Air            0%         N/A       99%         3
 Vampiric Draining        Necr           0%         2d6       99%         3
 Agony                    Necr           0%         N/A       100%        5
 Death Channel            Necr           0%         N/A       100%        6


Dungeon Overview and Level Annotations

Branches:
Dungeon (3/15)              Sewer (visited)

Altars:

Shops:
D:1 *

Annotations:
D:3 Grinder


Innate Abilities, Weirdness & Mutations

You have a pair of horns on your head.
You reflexively headbutt those who attack you in melee.


Message History

You hit the frilled lizard.
The frilled lizard seems to slow down.
You freeze the frilled lizard.
You kill the frilled lizard!
Grinder gestures at you. You resist with significant effort.
Found a scroll labelled JEFREN WAUZOQU.
You barely miss Grinder. Grinder hits you. Grinder hits you but does no damage.
You barely miss Grinder. Grinder hits you but does no damage.
You hit Grinder but do no damage. Grinder barely misses you.
You furiously retaliate!
You headbutt Grinder. You closely miss Grinder. Your headbutt misses Grinder.
Grinder is lightly wounded.
Grinder hits you.
You writhe in agony.
Grinder hits you.
You writhe in agony.
You hit Grinder. You headbutt Grinder!
Grinder is heavily wounded.
Grinder hits you but does no damage.
You barely miss Grinder.
Grinder is heavily wounded.
You block Grinder's attack.
You barely miss Grinder. Your headbutt misses Grinder.
Grinder is heavily wounded.
Grinder hits you.
You writhe in agony.
Grinder hits you but does no damage.
You barely miss Grinder. You headbutt Grinder.
Grinder is heavily wounded.
Grinder hits you!
* * * LOW HITPOINT WARNING * * *
You writhe in agony.
* * * LOW HITPOINT WARNING * * *
You barely miss Grinder. You headbutt Grinder!
Grinder is severely wounded.
Grinder barely misses you.
You hit Grinder.
Grinder is severely wounded.
Grinder hits you but does no damage. You block Grinder's attack.
You closely miss Grinder. Your headbutt misses Grinder.
Grinder is severely wounded.
Grinder blinks!
Grinder gestures at you. Pain shoots through your body!
You die...

#.#...... ##.#?#.#.##
#..........#
#.#.#.#....#
#.#........#
.....5.....#
#.##.......# #.##.@..#
# ##.##..#.# #.## #.#
#.#(.†...# .. ........#
#.#.###..# .##..##.#.#
#........# .#......#.#
###.####.###.##..#..#.#
#.....?#... #..#..#.#
#....###.####..#..#.###
##.#.#.........#..#....


You could see Grinder.

Vanquished Creatures
  Terence (D:2)
  8 adders
  3 river rats (Sewer)
  4 worms (Sewer)
  A dart slug (D:1)
  An orc (D:3)
  4 endoplasms
  7 giant cockroaches
  A goblin (D:2)
  2 hobgoblins
  A jackal (Sewer)
  4 kobolds
  4 quokkas
  7 ball pythons
  10 bats
  10 frilled lizards
  7 rats
75 creatures vanquished.

Notes
Turn   | Place    | Note
-------+----------+-------------------------------------------
     0 | D:1      | styxcanada the Minotaur Fighter began the quest for the
                  | Orb.
     0 | D:1      | Reached XP level 1. HP: 19/19 MP: 0/0
     4 | D:1      | Got the Excursus on the Mortuary
   231 | D:1      | Found Gegribin's General Store.
   248 | D:1      | Reached skill level 4 in Armour
   251 | D:1      | Reached XP level 2. HP: 23/27 MP: 1/1
   780 | D:2      | Noticed Terence
   797 | D:2      | Killed Terence
   798 | D:2      | Reached XP level 3. HP: 5/33 MP: 2/2
  1145 | D:2      | Found a faded altar of an unknown god.
  1818 | D:3      | Found a glowing drain.
  1823 | D:3      | Reached XP level 4. HP: 35/40 MP: 3/3
  1834 | Sewer    | Entered a sewer
  1842 | Sewer    | Reached skill level 1 in Dodging
  2108 | Sewer    | Reached XP level 5. HP: 45/47 MP: 4/4
  2136 | Sewer    | Reached skill level 5 in Armour
  2734 | D:3      | Noticed Grinder
  2755 | D:3      | Killed from afar by Grinder

Illustrated notes

Levels and vault maps discovered:
D:1:      dpeg_arrival_round_c, layout_basic, serial_shops, shop
D:2:      layout_basic, basic_ecumenical_altar, uniq_terence
D:3:      layout_basic, portal_sewer_entry_e, uniq_grinder

Skill      XL: |  1  2  3  4  5 |
---------------+----------------+-----
Armour         | 4 5 |  5.1
Fighting       | 4 |  4.7
Axes           | 3 4 |  4.5
Shields        | 4 |  4.1
Dodging        | 1 |  1.2

Action                   |  1- 3 |  4- 6 || total
-------------------------+-------+-------++-------
Melee: War axe           |    65 |    89 ||   154
       Headbutt          |     9 |    15 ||    24
Throw: Stone             |       |     2 ||     2
  Use: Scroll            |     6 |       ||     6
       Potion            |       |     1 ||     1
Armor: Scale mail        |    35 |    42 ||    77
Dodge: Dodged            |    32 |    80 ||   112
Block: Buckler           |    14 |    22 ||    36
